 Dungeon Crawl Stone Soup version 0.31-a0-949-g57150269e1 (webtiles) character file.

Game seed: 1480200911661715722

1967 avis the Mimic (level 9, 0/84 (88) HPs)
             Began as a Troll Shapeshifter on Oct 21, 2023.
             Was a Follower of Okawaru.
             Slain by a wight
             ... wielding a +1 trident of freezing
              (1 damage)
             ... on level 7 of the Dungeon.
             The game lasted 00:31:19 (6320 turns).

avis the Mimic (Troll Shapeshifter)                 Turns: 6320, Time: 00:31:19

HP:   0/84 (88)     AC:  4    Str: 24    XL:     9   Next: 0%
MP:   8/8           EV: 10    Int:  8    God:    Okawaru [*.....]
Gold: 733           SH:  0    Dex: 11    Spells: 8/8 levels left

rFire   . .          .
                       - Unarmed
rCold   . . .        (no shield)
rNeg    . . .        a - +0 animal skin
rPois   .            (helmet currently unavailable)
rElec   .            (cloak currently unavailable)
rCorr   .            (gloves unavailable)
SInv    .            (boots unavailable)
Will    .....        B - amulet of regeneration
Stlth   +            (no ring)
HPRegen 1.94/turn    (no ring)
MPRegen 0.11/turn

%: no passive effects
@: beast-form, lightly drained
A: beast (slay +4), large, unfitting armour, claws 3, regeneration 1, shaggy fur
1, tough skin 1
a: Begin Untransformation, Renounce Religion, Heroism


You were on level 7 of the Dungeon.
You worshipped Okawaru.
Okawaru was aware of your devotion.
You were a hulking beast.
You visited 2 branches of the dungeon, and saw 8 of its levels.
You also visited: Sewer and Ossuary.

You collected 733 gold pieces.

Inventory:

Missiles
 i - 8 poisoned darts
 j - 13 boomerangs
 k - 4 javelins
 o - a throwing net
 A - 3 curare-tipped darts
Armour
 a - a +0 animal skin (worn)
 x - a +0 hat of stealth
Jewellery
 B - an amulet of regeneration (around neck)
Talismans
 b - a beast talisman (active)
 f - a flux talisman
 l - a blade talisman
 m - a maw talisman
 s - a serpent talisman
Wands
 v - a wand of roots (6)
Scrolls
 d - 5 scrolls of immolation {unknown}
 e - 3 scrolls of blinking {unknown}
 g - 2 scrolls of identify {unknown}
 h - a scroll of revelation {unknown}
 p - a scroll of enchant armour {unknown}
 q - 2 scrolls of torment {unknown}
 y - a scroll of enchant weapon {unknown}
 z - a scroll of silence {unknown}
 C - a scroll of teleportation {unknown}
Potions
 c - a potion of lignification
 n - 2 potions of cancellation {unknown}
 r - a potion of invisibility {unknown}
 t - 2 potions of heal wounds {unknown}
 u - a potion of berserk rage
 w - a potion of attraction {unknown}


   Skills:
 - Level 5.0 Fighting
 - Level 2.0 Dodging
 - Level 4.0 Unarmed Combat
 * Level 9.3 Shapeshifting


You had 8 spell levels left.
You didn't know any spells.
Your spell library contained the following spells:

 Spells                   Type           Power      Damage    Failure   Level
 Lesser Beckoning         Tloc           0%         N/A       54%         2
 Scorch                   Fire           0%         2d5       54%         2
 Gell's Gravitas          Tloc           0%         N/A       78%         3
 Teleport Other           Tloc           0%         N/A       78%         3
 Flame Wave               Conj/Fire      0%         2d4       99%         4
 Summon Cactus Giant      Summ           Unusable   N/A       N/A         6

Dungeon Overview and Level Annotations

Branches:
Dungeon (7/15)             Temple (1/1) D:6           Sewer (visited)
Ossuary (visited)

Altars:
Fedhas
Gozag
Kikubaaqudgha
Makhleb
Nemelex Xobeh
Okawaru
Qazlal
Ru
Trog
Uskayaw
Vehumet
Wu Jian
Yredelemnul
Zin
The Shining One

Shops:
D:3 =


Innate Abilities, Weirdness & Mutations

You are a hulking beast.
Your limbs bulge with bestial killing power. (Slay +4)
You are too large for most types of armour.
You have claws for hands.
Your natural rate of healing is unusually fast.
You are covered in fur. (AC +1)
You have tough skin. (AC +1)


Message History

You feel drained. The wight freezes you.
You claw the wight!
The wight is heavily damaged.
The wight misses you.
A wight comes into view. It is wielding a +2 halberd.
You barely miss the wight.
The wight is heavily damaged.
The wight hits you with a +4 battleaxe of freezing!
You feel drained. The wight freezes you.
You scratch the wight but do no damage.
The wight is heavily damaged.
The wight hits you with a +4 battleaxe of freezing!!
The wight freezes you.
You barely miss the wight.
The wight is heavily damaged.
The wight hits you with a +4 battleaxe of freezing.
You feel drained. The wight freezes you.
You scratch the wight.
The wight is severely damaged.
The wight hits you with a +4 battleaxe of freezing!!
* * * LOW HITPOINT WARNING * * *
The wight freezes you.
* * * LOW HITPOINT WARNING * * *
You claw the wight!
You destroy the wight!
Okawaru accepts your kill.
You mangle the wight!!
You destroy the wight!
Okawaru accepts your kill.
You have reached level 9!
Your experience leads to an increase in your attributes!
Increase (S)trength, (I)ntelligence, or (D)exterity?
You feel clever. x2; You feel stronger.
You closely miss the wight.
The wight hits you with a +2 dire flail!
* * * LOW HITPOINT WARNING * * *
The wight hits you from afar with a +1 trident of freezing.
* * * LOW HITPOINT WARNING * * *
The wight freezes you.
You die...

......###.......##.#
#.##.#.##.. #.####
#.#........# #.#..#.####
#.#.).#.#### #.#.##.#
#.#...#.# #......####
#....z..# ###.####...
#......z# #.# #.#. #.##.##z#
#.####... #####(##.##z#
#........
#........##h#############...
###.###.#####.......# #.#.
#.........###...###.#####
#...
#.#.###.........#.......#
#### #...#
#######...#.#.###.#
###.#####.. #####.#.###.#
#........ #.#..##.#
#.#####.. #.##.##.# #.#
#(##.##.#


You could see 3 wights.

Vanquished Creatures
  A steam dragon (D:7)
  A water moccasin (Sewer)
  A sky beast (D:6)
  2 centaurs (D:5)
  3 kobold brigands (D:7)
  A bullfrog (D:6)
  Blork the orc (D:4)
  2 scorpions
  2 wights (D:7)
  3 howler monkeys (D:7)
  3 hounds
  2 jellies (D:7)
  An orc priest (D:6)
  2 sleepcaps (D:5)
  A gnoll bouda (D:6)
  3 iguanas
  3 orc wizards
  2 mummies (Ossuary)
  10 adders
  8 gnolls
  5 river rats (D:4)
  2 ufetubi (D:5)
  A worm (D:4)
  A dart slug (D:4)
  19 orcs
  7 ball pythons
  7 endoplasms
  4 giant cockroaches
  5 gnoll zombies
  11 goblins
  5 hobgoblins
  6 jackals (D:1)
  17 kobolds
  4 quokkas
  16 bats
  4 frilled lizards
  4 goblin zombies (Ossuary)
  3 hobgoblin zombies (Ossuary)
  3 orc zombies (Ossuary)
  6 rats
  A rat zombie (D:5)
183 creatures vanquished.

Notes
Turn   | Place    | Note
-------+----------+-------------------------------------------
     0 | D:1      | avis the Troll Shapeshifter began the quest for the Orb.
     0 | D:1      | Reached XP level 1. HP: 18/18 MP: 0/0
    20 | D:1      | Reached skill level 1 in Fighting
    65 | D:1      | Reached XP level 2. HP: 24/27 MP: 1/1
   548 | D:1      | Reached XP level 3. HP: 33/33 MP: 2/2
  1572 | D:2      | Reached XP level 4. HP: 42/42 MP: 3/3
  1964 | D:2      | Reached skill level 4 in Shapeshifting
  2132 | D:3      | Found a faded altar of an unknown god.
  2135 | D:3      | Found a sacrificial altar of Ru.
  2402 | D:3      | Found Lovid's Jewellery Boutique.
  2731 | D:4      | Reached XP level 5. HP: 49/49 MP: 4/4
  2999 | D:4      | Reached skill level 5 in Shapeshifting
  3019 | D:4      | Noticed Blork the orc
  3032 | D:4      | Killed Blork the orc
  3064 | D:4      | Reached XP level 6. HP: 57/57 MP: 5/5
  3306 | D:4      | Found a glowing drain.
  3314 | Sewer    | Entered a sewer
  3351 | Sewer    | Noticed a water moccasin
  3359 | Sewer    | Killed a water moccasin
  3360 | Sewer    | Reached skill level 6 in Shapeshifting
  3478 | D:5      | Entered Level 5 of the Dungeon
  3586 | D:5      | Reached XP level 7. HP: 57/65 MP: 6/6
  3639 | D:5      | Found a sand-covered staircase.
  3667 | Ossuary  | Entered an ossuary
  3889 | D:5      | Found a radiant altar of Vehumet.
  3907 | D:5      | Reached skill level 7 in Shapeshifting
  4372 | D:5      | Found an ornate altar of the Wu Jian Council.
  4669 | D:6      | Reached XP level 8. HP: 75/75 MP: 7/7
  4743 | D:6      | Reached skill level 8 in Shapeshifting
  5208 | D:6      | Found a staircase to the Ecumenical Temple.
  5217 | Temple   | Entered the Ecumenical Temple
  5228 | Temple   | Became a worshipper of Warmaster Okawaru
  5936 | D:7      | Reached skill level 9 in Shapeshifting
  6093 | D:7      | Reached * piety under Okawaru
  6098 | D:7      | Reached skill level 5 in Fighting
  6320 | D:7      | Reached XP level 9. HP: 13/84 MP: 8/8
  6320 | D:7      | HP: 1/84 [wight/+1 trident of freezing (4)]
  6320 | D:7      | Slain by a wight

Illustrated notes

Levels and vault maps discovered:
D:1:      minmay_arrival_shoal_huts, layout_basic, minmay_gold_behind_fungi
D:2:      layout_loops_ring
D:3:      layout_loops_ring, nicolae_overflow_ecumenical_swirl, serial_shops,
          nicolae_shop_gaudy_bauble, nicolae_twisty_statue_hallways
D:4:      layout_basic, lightli_sewer_entry_pipes, uniq_blork_the_orc
D:5:      layout_loops_cross, pdpol_wu_jian_five_deadly_venoms,
          mainiacjoe_overflow_boulevard, enter_ossuary_3
D:6:      layout_loops_ring, lemuel_temple_firewalk_b
D:7:      layout_loops_cross
Temple:   nicolae_temple_ecumenical_triangle

Skill      XL: |  1  2  3  4  5  6  7  8 |
---------------+-------------------------+-----
Fighting       | 1 2 3 5 |  5.0
Dodging        | 2 |  2.0
Shapeshifting  | 4 5 6 7 9 |  9.3
Unarmed Combat | 4 |  4.0

Action                     |  1- 3 |  4- 6 |  7- 9 || total
---------------------------+-------+-------+-------++-------
  Melee: Unarmed           |   118 |   138 |   216 ||   472
         Punch             |     2 |     1 |     7 ||    10
   Stab: Sleeping          |     1 |     3 |     1 ||     5
 Armour: Animal skin       |    73 |    81 |   167 ||   321
  Dodge: Dodged            |    50 |    69 |   112 ||   231
   Form: Beast             |       |       |     1 ||     1
         Flux              |       |       |     1 ||     1

Table legend: (Time is in decaauts)
 A = Elapsed time spent in this place.
 B = Non-inter-level travel time spent in this place.
 C = Inter-level travel time spent in this place.
 D = Time resting spent in this place.
 E = Time spent auto-exploring this place.
 F = Levels seen in this place.
 G = Mean time per level.
                   A        B        C        D        E       F      G
               +--------+--------+--------+--------+--------+-----+--------+
         Total |   6307 |   5227 |   1080 |    265 |   3389 |  10 |  630.7 |
       Dungeon |   6096 |   5026 |   1070 |    263 |   3389 |   7 |  870.9 |
        Temple |     23 |     13 |     10 |      0 |      0 |   1 |   23.0 |
         Sewer |     83 |     83 |      0 |      0 |      0 |   1 |   83.0 |
       Ossuary |    103 |    103 |      0 |      2 |      0 |   1 |  103.0 |
               +--------+--------+--------+--------+--------+-----+--------+

Top non-repeatable levels by time:
     D:1: 1266 daAuts
     D:6: 1089 daAuts
     D:3: 919 daAuts
     D:5: 894 daAuts
     D:4: 713 daAuts
     D:2: 688 daAuts
     D:7: 524 daAuts
 Ossuary: 103 daAuts
   Sewer: 83 daAuts
  Temple: 23 daAuts
